 Dungeon Crawl Stone Soup version 0.27.0-1-g7a089689b8 (webtiles) character file.

Game seed: 17741787282397151562

1683 Naeght the Chopper (level 8, 0/67 (71) HPs)
             Began as a Minotaur Berserker on Aug 3, 2021.
             Was an Elder of Trog.
             Slain by an orc warrior (5 damage)
             ... on level 5 of the Dungeon.
             The game lasted 00:15:37 (5638 turns).

Naeght the Chopper (Minotaur Berserker)             Turns: 5638, Time: 00:15:38

HP:   0/67 (71)     AC:  9    Str: 23    XL:     8   Next: 71%
MP:   7/7           EV: 11    Int:  4    God:    Trog [****..]
Gold: 356           SH:  4    Dex: 11    Spells: 7/7 levels left

rFire    . . .     SeeInvis .   a - +0 hand axe
rCold    + . .     Faith    .   r - +0 buckler
rNeg     + . .     Spirit   .   y - +2 scale mail {rC+}
rPois    .         Reflect  .   (helmet restricted)
rElec    .         Harm     .   (no cloak)
rCorr    .         Rampage  .   (no gloves)
Will     +....                  (no boots)
Stlth    ..........             (no amulet)
HPRegen  0.21/turn              v - ring of willpower
MPRegen  0.10/turn              w - ring of positive energy

@: drained
A: horns 2, retaliatory headbutt
a: Renounce Religion, Berserk, Trog's Hand, Brothers in Arms


You were on level 5 of the Dungeon.
You worshipped Trog.
Trog was greatly pleased with you.
You visited 1 branch of the dungeon, and saw 6 of its levels.

You collected 356 gold pieces.

Inventory:

Hand Weapons
 a - a +0 hand axe (weapon)
 l - a +3 hunting sling
Missiles
 m - 103 stones (quivered)
 n - 28 sling bullets
Armour
 r - a +0 buckler (worn)
 y - a +2 scale mail of cold resistance (worn)
Jewellery
 t - an amulet of magic regeneration
 v - a ring of willpower (left hand)
 w - a ring of positive energy (right hand)
Wands
 k - a wand of charming (11)
 u - a wand of flame (11)
Scrolls
 b - 2 scrolls of blinking {unknown}
 h - 5 scrolls of identify {unknown}
 i - 2 scrolls of summoning {unknown}
 o - a scroll of enchant weapon {unknown}
 p - a scroll of teleportation {unknown}
 q - a scroll of noise {unknown}
 s - 3 scrolls of fear {unknown}
Potions
 c - a potion of heal wounds {unknown}
 d - 2 potions of degeneration {unknown}
 e - a potion of brilliance {unknown}
 f - 3 potions of curing {unknown}
 g - a potion of magic {unknown}
 x - a potion of haste {unknown}


   Skills:
 + Level 6.4 Fighting
 * Level 7.6 Axes
 - Level 3.5 Slings
 + Level 5.5 Armour
 + Level 5.4 Dodging
 - Level 4.0 Shields
 + Level 2.4 Evocations


You had 7 spell levels left.
You didn't know any spells.
Your spell library was empty.

Dungeon Overview and Level Annotations

Branches:
Dungeon (6/15)             Temple (0/1) D:5

Altars:
Qazlal

Shops:
D:5 ((==


Innate Abilities, Weirdness & Mutations

You have a pair of horns on your head.
You reflexively headbutt those who attack you in melee.


Message History

You barely miss the orc warrior.
You headbutt the orc warrior, but do no damage.
The orc warrior closely misses you. You furiously retaliate!
You headbutt the orc warrior.
You hit the orc warrior but do no damage.
The orc warrior is lightly wounded.
You block the orc warrior's attack.
You barely miss the orc warrior. You headbutt the orc warrior!
The orc warrior is moderately wounded.
The orc warrior hits you with a +0 war axe!
You hit the orc warrior but do no damage.
Your headbutt misses the orc warrior.
The orc warrior is moderately wounded.
The orc warrior barely misses you.
You barely miss the orc warrior.
The orc warrior is moderately wounded.
The orc warrior hits you with a +0 war axe!!
You barely miss the orc warrior.
You headbutt the orc warrior, but do no damage.
The orc warrior is moderately wounded.
You hit the orc warrior.
You headbutt the orc warrior, but do no damage.
The orc warrior is moderately wounded.
The orc warrior hits you with a +0 war axe!!
* * * LOW HITPOINT WARNING * * *
You barely miss the orc warrior. Your headbutt misses the orc warrior.
The orc warrior is moderately wounded.
The orc warrior barely misses you.
You closely miss the orc warrior.
The orc warrior is moderately wounded.
The orc warrior hits you with a +0 war axe.
* * * LOW HITPOINT WARNING * * *
You hit the orc warrior but do no damage.
The orc warrior is moderately wounded.
The orc warrior hits you with a +0 war axe.
* * * LOW HITPOINT WARNING * * *
You hit the orc warrior but do no damage.
The orc warrior is moderately wounded.
The orc warrior hits you with a +0 war axe.
You die...

#....############
#..............##
#..............##
#................
###..............
#............##
#....∩.......+.
####............#.
#@o........#.#....
####.####.##.####. #.#
#.##.####.
####'####..#.#....
#..........#.#####
#..........#^.....
#[.........#######
#...........##..#.
#########...........###.#.


You could see an orc warrior.

Vanquished Creatures
  Pikel (D:4)
  Sigmund (D:5)
  Edmund (D:5)
  A black bear (D:4)
  A necrophage (D:4)
  An ogre (D:5)
  2 gnoll sergeants (D:5)
  A scorpion (D:5)
  2 wights (D:6)
  A jelly (D:5)
  A hound (D:4)
  Jessica (D:3)
  2 iguanas
  A hound skeleton (D:5)
  Robin (D:3)
  5 adders
  8 gnolls (D:5)
  2 adder skeletons
  A worm (D:4)
  7 dart slugs
  7 orcs
  5 bats
  6 endoplasms
  5 giant cockroaches
  11 goblins
  13 hobgoblins
  14 jackals
  5 kobolds
  2 quokkas
  9 ball pythons
  2 frilled lizards (D:1)
  8 rats
128 creatures vanquished.

Vanquished Creatures (others)
  An orc wizard (D:6)
1 creature vanquished.

Grand Total: 129 creatures vanquished

Notes
Turn   | Place    | Note
-------+----------+-------------------------------------------
     0 | D:1      | Naeght the Minotaur Berserker began the quest for the Orb.
     0 | D:1      | Reached XP level 1. HP: 19/19 MP: 0/0
   140 | D:1      | Reached XP level 2. HP: 27/27 MP: 1/1
   185 | D:1      | Found a faded altar of an unknown god.
   188 | D:1      | Reached skill level 4 in Axes
   414 | D:1      | Reached XP level 3. HP: 32/33 MP: 2/2
   610 | D:1      | Reached ** piety under Trog
  1967 | D:3      | Reached XP level 4. HP: 39/40 MP: 3/3
  2446 | D:3      | Noticed Robin
  2565 | D:3      | Killed Robin
  2566 | D:3      | Reached skill level 1 in Slings
  2568 | D:3      | Reached *** piety under Trog
  2882 | D:3      | Noticed Jessica
  2888 | D:3      | Killed Jessica
  2889 | D:3      | Reached skill level 1 in Shields
  2889 | D:3      | Reached XP level 5. HP: 46/47 MP: 4/4
  3055 | D:4      | Noticed a lemure
  3055 | D:4      | Noticed Pikel
  3057 | D:4      | Noticed a lemure
  3058 | D:4      | Noticed a lemure
  3059 | D:4      | Noticed a lemure
  3072 | D:4      | Killed Pikel
  3073 | D:4      | Reached skill level 5 in Fighting
  3073 | D:4      | Reached skill level 5 in Axes
  3073 | D:4      | Reached XP level 6. HP: 15/56 MP: 5/5
  3073 | D:4      | Reached XP level 7. HP: 16/61 MP: 6/6
  3586 | D:4      | Found a stormy altar of Qazlal.
  4322 | D:5      | Entered Level 5 of the Dungeon
  4322 | D:5      | Found Dehol's Weapon Shop.
  4435 | D:5      | Found Ruyzis's Jewellery Shoppe.
  4578 | D:4      | Reached skill level 6 in Axes
  4578 | D:4      | Reached skill level 1 in Evocations
  4689 | D:5      | Noticed Edmund
  4694 | D:5      | Reached XP level 8. HP: 70/70 MP: 7/7
  4695 | D:5      | Noticed Sigmund
  4704 | D:5      | Reached **** piety under Trog
  4710 | D:5      | Killed Sigmund
  4711 | D:5      | Reached skill level 5 in Armour
  4746 | D:5      | Killed Edmund
  4747 | D:5      | Reached skill level 7 in Axes
  4747 | D:5      | Reached skill level 5 in Dodging
  4832 | D:5      | Found a staircase to the Ecumenical Temple.
  5056 | D:5      | Found Qukhlu's Weapon Shoppe.
  5186 | D:5      | Found Yguorr's Jewellery Emporium.
  5638 | D:5      | Slain by an orc warrior

Illustrated notes

Levels and vault maps discovered:
D:1:      lightli_arrival_flooded_house, layout_rooms,
          hellmonk_ecumenical_altar_crossroads
D:2:      layout_basic, minmay_misc_feat_tiny, kennysheep_generic_room_12
D:3:      layout_rooms, uniq_robin, uniq_jessica
D:4:      layout_loops_ring, nicolae_qazlal_scattered_showers, uniq_pikel
D:5:      kennysheep_slugbush, layout_basic, temple_fountains, serial_shops,
          shop, shop, kennysheep_mini_moat, nicolae_take_the_stairs,
          corner_web_ring, uniq_sigmund, uniq_edmund
D:6:      layout_rooms, lemuel_coloured_pillars_altar, minmay_holes

Skill      XL: |  1  2  3  4  5  6  7  8 |
---------------+-------------------------+-----
Axes           | 4 5 6 7 |  7.6
Fighting       | 4 5 6 |  6.4
Armour         | 3 4 5 |  5.5
Dodging        | 3 4 5 |  5.4
Slings         | 1 3 |  3.5
Shields        | 1 3 4 |  4.0
Evocations     | 1 2 |  2.4

Action                   |  1- 3 |  4- 6 |  7- 9 || total
-------------------------+-------+-------+-------++-------
Melee: Hand axe          |    91 |     4 |    96 ||   191
       Headbutt          |    14 |     1 |    20 ||    35
 Fire: Hunting sling     |       |    90 |    82 ||   172
Invok: Berserk           |       |     1 |       ||     1
Evoke: Wand              |       |       |    12 ||    12
Armor: Animal skin       |    14 |       |       ||    14
       Ring mail         |     9 |    17 |    37 ||    63
       Scale mail        |       |       |     5 ||     5
Dodge: Dodged            |    74 |    27 |    52 ||   153
Block: Buckler           |       |       |     7 ||     7
